 Dungeon Crawl Stone Soup version 0.31-a0-152-g6aa68a64a1 (webtiles) character file.

Game seed: 4955524247291619548

35 qw the Shooter (level 3, -1/31 HPs)
             Began as a Minotaur Hunter on June 9, 2023.
             Slain by Sigmund
             ... wielding a +1 vampiric scythe
              (2 damage)
             ... on level 2 of the Dungeon.
             The game lasted 00:00:19 (1252 turns).

qw the Shooter (Minotaur Hunter)                    Turns: 1252, Time: 00:00:20

Health: -1/31      AC:  3    Str: 15    XL:     3   Next: 17%
Magic:  2/2        EV: 12    Int:  6    God:
Gold:   52         SH:  0    Dex: 15    Spells: 2/2 levels left

rFire   . . .        a - +0 shortbow
rCold   . . .        (shield currently unavailable)
rNeg    . . .        c - +0 leather armour
rPois   .            (helmet restricted)
rElec   .            (no cloak)
rCorr   .            (no gloves)
SInv    .            (no boots)
Will    .....        (no amulet)
Stlth   +            (no ring)
HPRegen 0.25/turn    (no ring)
MPRegen 0.08/turn

%: no passive effects
@: no status effects
A: horns 2, retaliatory headbutt
a: no special abilities


You were on level 2 of the Dungeon.
You visited 1 branch of the dungeon, and saw 2 of its levels.

You collected 52 gold pieces.


Innate Abilities, Weirdness & Mutations

You have a pair of horns on your head.
You reflexively headbutt those who attack you in melee.


   Skills:
 - Level 3.0 Fighting
 + Level 5.3 Ranged Weapons
 - Level 2.1 Dodging
 - Level 0.7 Stealth


You had 2 spell levels left.
You didn't know any spells.
Your spell library was empty.

Inventory:

Hand Weapons
 a - a +0 shortbow (weapon)
Armour
 c - a +0 leather armour (worn)
Scrolls
 b - 2 scrolls of magic mapping {unknown}
Potions
 f - 2 potions of curing
 g - a potion of haste {unknown}

Dungeon Overview and Level Annotations

Branches:
Dungeon (2/15)

Altars:
Gozag

Annotations:
D:2 Sigmund


Message History

Sigmund draws strength from your wounds!
1243 ||| DRINKING potion of heal wounds.
You feel much better. The bat hits you.
Sigmund hits you from afar with a +1 vampiric scythe.
Sigmund draws strength from your wounds!
You shoot an arrow. The arrow closely misses Sigmund.
The arrow hits the rat!
You kill the rat!
The bat closely misses you.
Sigmund hits you from afar with a +1 vampiric scythe!
Sigmund draws strength from your wounds!
You shoot an arrow. The arrow closely misses Sigmund.
The bat hits you but does no damage.
You shoot an arrow. The arrow barely misses Sigmund.
The bat completely misses you.
Sigmund mumbles some strange words.
Sigmund flickers and vanishes!
Deactivating autopickup; reactivate with Ctrl-A.
You shoot an arrow. The arrow hits the bat.
The bat is severely wounded.
You hear some strange, mumbled words.
A puff of flame appears from out of thin air!
The puff of flame hits you! The bat barely misses you.
You hear some strange, mumbled words.
Something tries to affect you, but you resist.
You shoot an arrow. The arrow closely misses the bat.
The bat misses you.
You hear some strange, mumbled words.
A puff of flame appears from out of thin air!
The puff of flame hits you!
You shoot an arrow. The arrow closely misses the bat.
The bat misses you. Something barely misses you.
You shoot an arrow. The arrow closely misses the bat.
The bat closely misses you. You furiously retaliate!
You headbutt the bat.
You kill the bat!
Something hits you.
You shoot an arrow. You shoot an arrow. Something hits you.
You die...

..###############.#
#......#.### ..#
#.............#
##.......... ###
#.#############
#.#.#.#.... #.#
#.......# #.#.#.#....
#####.###.#####.#
#.#.#.#.... ..........#
#.# #.#.#......
......###.# #.#
#.####### ......# #.##
#.#######.#. #####.#
#..####.@.{%.... #
#.####.......###.... ##
##..........~.....~~~
.###..PP..~~~~~.~..~..~
.##...~~~P~~~~~~~~~~~~~
.....~~~~~~~~~~~~~~~~~~
.....PP~~~~~~~~~~~~~PP~
.~.PPP~~~~~~~~~~~.~~~~P
.~~~~~~~~~~~~~~~.......


There were no monsters in sight!

Vanquished Creatures
  2 dart slugs (D:2)
  3 endoplasms
  2 giant cockroaches (D:2)
  2 goblins
  2 hobgoblins
  3 kobolds
  2 quokkas
  2 ball pythons (D:1)
  5 bats
  A frilled lizard (D:2)
  5 rats
29 creatures vanquished.

Notes
Turn   | Place    | Note
-------+----------+-------------------------------------------
     0 | D:1      | qw the Minotaur Hunter began the quest for the Orb.
     0 | D:1      | Reached XP level 1. HP: 18/18 MP: 0/0
     0 | D:1      | 0 ||| qw: Version: 0.2-a-122-gbc61b45
     0 | D:1      | 0 ||| qw: Game counter: 3415
     0 | D:1      | 0 ||| qw: Always use a shield: true
     0 | D:1      | 0 ||| qw: God list: Okawaru
     0 | D:1      | 0 ||| qw: Allow faded altars: false
     0 | D:1      | 0 ||| qw: Do Orc after D:15 true
     0 | D:1      | 0 ||| qw: Do second Lair branch before Depths: true
     0 | D:1      | 0 ||| qw: Lair rune preference: random
     0 | D:1      | 0 ||| qw: Plans: Normal
     0 | D:1      | 0 ||| PLANNING D:1-11
   533 | D:1      | Reached XP level 2. HP: 25/25 MP: 1/1
   570 | D:1      | Reached skill level 5 in Ranged Weapons
   865 | D:1      | 865 ||| DRINKING 2 fizzy white potions.
   902 | D:1      | 902 ||| DRINKING 2 fuming amethyst potions.
   903 | D:1      | 903 ||| DRINKING 2 fizzy orange potions.
   904 | D:1      | 904 ||| DROPPING scroll of butterflies.
   905 | D:1      | 905 ||| DROPPING potion of lignification.
  1020 | D:2      | Found an opulent altar of Gozag.
  1022 | D:2      | Reached skill level 3 in Fighting
  1131 | D:2      | Reached XP level 3. HP: 31/31 MP: 2/2
  1231 | D:2      | Noticed Sigmund
  1242 | D:2      | HP: 7/31 [Sigmund/+1 vampiric scythe (10)]
  1243 | D:2      | 1243 ||| DRINKING potion of heal wounds.
  1248 | D:2      | HP: 1/31 [something/puff of flame (8)]
  1252 | D:2      | Slain by Sigmund

Levels and vault maps discovered:
D:1:      tarquinn_simple_flora_water_a, layout_loops_corners
D:2:      layout_basic, basic_altar, chequers_big_river,
          minmay_fractal_squares_gapless_5, uniq_sigmund

Skill      XL: |  1  2 |
---------------+-------+-----
Ranged Weapons | 5 |  5.3
Fighting       | 3 |  3.0
Dodging        | |  2.1
Stealth        | |  0.7

Action                     || total
---------------------------++-------
   Fire: Shortbow          ||    71
    Use: Potion            ||     4
 Armour: Leather armour    ||     3
  Dodge: Dodged            ||    18

Table legend:
 A = Non-vault XP
 B = Vault XP
 C = Vault XP percentage of total XP
 D = Non-vault monster count
 E = Vault monster count
 F = Vault count percentage of total count
                 A         B        C        D         E       F
            +---------+---------+-------+---------+---------+-------
      Total |      51 |       0 |   0.0 |      29 |       0 |   0.0
            +---------+---------+-------+---------+---------+-------
        D:1 |      19 |       0 |   0.0 |      12 |       0 |   0.0
        D:2 |      32 |       0 |   0.0 |      17 |       0 |   0.0
            +---------+---------+-------+---------+---------+-------
